General information
- name: BNet
- type: Ladder team game (AT/RT)
- host: Battle.net
- saver: MONICATTHECAT
map: FullScaleAssault
- players: 8
- length: 36:54
- speed: Fast
- version: 1.24 W3XP
- replay type: Public
» download(237 KB)
Players
team 1 (loser)

»
jib69 (
green | 33 APM | 1210 actions | 36:46)
7 Paladin
3 Holy Light
3 Divine Shield
1 Resurrection
6 Dark Ranger
2 Black Arrow
2 Silence
1 Life Drain
1 Charm
3 Naga Sea Witch
2 Frost Arrows
1 Mana Shield
» actions
| Basic commands | 224 | |
| Build / train | 100 | |
| Enter build submenu | 22 | |
| Enter hero's abilities submenu | 16 | |
| Give item / drop item | 8 | |
| Remove unit from queue | 2 | |
| Right click | 355 | |
| Select / deselect | 411 | |
| Use ability | 72 | |
1210 total
» units
| Peasant | 13 | |
| Footman | 7 | |
| Siege Engine | 13 | |
| Knight | 26 | |
59 total
» upgrades
| Lumber Harvesting | 1 | |
| Plating | 3 | |
| Swords | 3 | |
| Gunpowder | 3 | |
| Barrage | 1 | |
| Animal War Training | 1 | |
12 total
» buildings
| Altar of Kings | 1 | |
| Farm | 13 | |
| Barracks | 1 | |
| Lumber Mill | 1 | |
| Arcane Vault | 1 | |
| Keep | 1 | |
| Town Hall | 2 | |
| Blacksmith | 1 | |
| Castle | 1 | |
| Workshop | 2 | |
24 total
» build order
00:36 Altar of Kings
00:45 Farm
01:02 Barracks
01:28 Lumber Mill
01:35 Farm
02:20 Farm
03:11 Arcane Vault
03:35 Keep
05:04 Town Hall
05:33 Farm
06:05 Blacksmith
06:07 Castle
06:17 Farm
06:57 Farm
08:03 Workshop
08:06 Workshop
10:53 Farm
12:40 Farm
13:25 Farm
16:13 Farm
18:17 Farm
19:00 Farm
20:01 Farm
27:49 Town Hall
» items
| Scroll of Regeneration | 1 | |
| Orb of Fire | 1 | |
| Scroll of Town Portal | 4 | |
6 total

»
drunknight (
yellow | 72 APM | 2541 actions | 35:03)
7 Mountain King
3 Storm Bolt
3 Bash
1 Avatar
5 Paladin
2 Holy Light
3 Divine Shield
» actions
| Assign group hotkey | 44 | |
| Basic commands | 20 | |
| Build / train | 97 | |
| Enter build submenu | 22 | |
| Enter hero's abilities submenu | 13 | |
| Give item / drop item | 3 | |
| Remove unit from queue | 1 | |
| Right click | 763 | |
| Select / deselect | 292 | |
| Select group hotkey | 1184 | |
| Use ability | 102 | |
2541 total
» units
| Peasant | 10 | |
| Rifleman | 22 | |
| Priest | 6 | |
| Sorceress | 5 | |
43 total
» upgrades
| Gunpowder | 3 | |
| Armor | 3 | |
| Long Rifles | 1 | |
| Lumber Harvesting | 2 | |
| Sorceress Training | 2 | |
| Priest Training | 2 | |
| Masonry | 1 | |
14 total
» buildings
| Altar of Kings | 1 | |
| Farm | 10 | |
| Scout Tower | 7 | |
| Lumber Mill | 1 | |
| Arcane Tower | 1 | |
| Barracks | 1 | |
| Blacksmith | 1 | |
| Guard Tower | 5 | |
| Arcane Vault | 1 | |
| Keep | 1 | |
| Arcane Sanctum | 2 | |
| Castle | 1 | |
| Town Hall | 4 | |
36 total
» build order
00:13 Altar of Kings
00:18 Farm
00:19 Farm
00:52 Scout Tower
01:17 Lumber Mill
01:31 Arcane Tower
01:54 Barracks
02:14 Blacksmith
02:27 Scout Tower
02:36 Farm
02:37 Farm
02:56 Guard Tower
03:24 Arcane Vault
04:04 Keep
05:14 Farm
05:16 Farm
06:57 Arcane Sanctum
07:07 Arcane Sanctum
08:15 Castle
10:13 Town Hall
10:27 Farm
10:28 Farm
10:29 Farm
10:31 Farm
10:48 Scout Tower
10:48 Scout Tower
12:37 Guard Tower
18:09 Town Hall
19:46 Scout Tower
22:29 Guard Tower
27:35 Scout Tower
28:04 Guard Tower
28:07 Scout Tower
28:52 Guard Tower
29:45 Town Hall
32:24 Town Hall
» items
| Scroll of Regeneration | 2 | |
| Scroll of Town Portal | 2 | |
| Orb of Fire | 2 | |
| Potion of Healing | 1 | |
7 total

»
computer(foda) (
pink | 45 APM | 1571 actions | 35:10)
6 Blademaster
3 Wind Walk
2 Critical Strike
1 Bladestorm
» actions
| Assign group hotkey | 320 | |
| Build / train | 81 | |
| ESC pressed | 1 | |
| Enter build submenu | 17 | |
| Enter hero's abilities submenu | 7 | |
| Give item / drop item | 1 | |
| Right click | 733 | |
| Select / deselect | 311 | |
| Select group hotkey | 57 | |
| Use ability | 43 | |
1571 total
» units
| Peon | 18 | |
| Wind Rider | 19 | |
| Shaman | 18 | |
55 total
» upgrades
| Armor | 3 | |
| Ranged Weapons | 3 | |
| Shaman Training | 2 | |
| Envenomed Spears | 1 | |
| Spiked Barricades | 3 | |
| Reinforced Defenses | 1 | |
13 total
» buildings
| Altar of Storms | 1 | |
| Orc Burrow | 7 | |
| War Mill | 1 | |
| Stronghold | 1 | |
| Voodoo Lounge | 1 | |
| Beastiary | 2 | |
| Spirit Lodge | 1 | |
| Fortress | 1 | |
| Great Hall | 3 | |
18 total
» build order
01:01 Altar of Storms
01:03 Orc Burrow
01:59 War Mill
02:13 Orc Burrow
03:26 Stronghold
03:42 Orc Burrow
04:42 Voodoo Lounge
05:54 Beastiary
06:10 Beastiary
07:10 Orc Burrow
07:22 Spirit Lodge
08:20 Fortress
09:40 Great Hall
09:51 Orc Burrow
14:58 Orc Burrow
16:06 Orc Burrow
18:14 Great Hall
28:02 Great Hall
» items
| Staff of Teleportation | 1 | |
| Boots of Speed | 1 | |
| Orb of Lightning | 1 | |
| Orb of Fire | 1 | |
4 total
LaiPt (
purple | 53 APM | 1877 actions | 35:14)
7 Priestess of the Moon
3 Scout
3 Trueshot Aura
1 Starfall
» actions
| Assign group hotkey | 212 | |
| Basic commands | 39 | |
| Build / train | 95 | |
| Enter build submenu | 22 | |
| Enter hero's abilities submenu | 7 | |
| Remove unit from queue | 3 | |
| Right click | 781 | |
| Select / deselect | 378 | |
| Select group hotkey | 279 | |
| Use ability | 61 | |
1877 total
» units
| Wisp | 17 | |
| Dryad | 49 | |
| Goblin Shredder | 1 | |
67 total
» upgrades
| Ultravision | 1 | |
| Strength of the Wild | 3 | |
| Reinforced Hides | 3 | |
| Abolish Magic | 1 | |
| Well Spring | 1 | |
9 total
» buildings
| Moon Well | 9 | |
| Altar of Elders | 1 | |
| Hunter's Hall | 1 | |
| Tree of Ages | 1 | |
| Ancient Protector | 4 | |
| Ancient of Lore | 3 | |
| Tree of Life | 1 | |
| Ancient of Wonders | 1 | |
| Tree of Eternity | 1 | |
22 total
» build order
00:25 Moon Well
00:39 Altar of Elders
01:31 Hunter's Hall
01:54 Moon Well
02:45 Tree of Ages
03:16 Moon Well
03:20 Ancient Protector
03:27 Ancient Protector
05:07 Ancient of Lore
05:09 Ancient of Lore
05:34 Ancient Protector
07:36 Ancient Protector
08:05 Moon Well
08:48 Moon Well
10:17 Moon Well
10:55 Tree of Life
13:19 Ancient of Wonders
14:24 Moon Well
16:32 Moon Well
19:27 Moon Well
24:53 Tree of Eternity
28:15 Ancient of Lore
» items
| Scroll of Healing | 1 | |
| Scroll of Protection | 1 | |
| Scroll of Town Portal | 3 | |
| Potion of Lesser Invulnerability | 1 | |
6 total
team 2 (winner)

»
lucas08 (
orange | 39 APM | 1426 actions | 36:47)
10 Priestess of the Moon
3 Trueshot Aura
3 Scout
1 Starfall
3 Searing Arrows
2 Lich
2 Frost Armor
» actions
| Basic commands | 7 | |
| Build / train | 90 | |
| Enter build submenu | 18 | |
| Enter hero's abilities submenu | 12 | |
| Remove unit from queue | 2 | |
| Right click | 757 | |
| Select / deselect | 493 | |
| Use ability | 47 | |
1426 total
» units
| Wisp | 12 | |
| Archer | 9 | |
| Goblin Shredder | 1 | |
| Goblin Zeppelin | 1 | |
| Hippogryph | 19 | |
| Chimaera | 20 | |
| Abomination | 1 | |
63 total
» upgrades
| Strength of the Wild | 3 | |
| Corrosive Breath | 1 | |
| Reinforced Hides | 3 | |
7 total
» buildings
| Altar of Elders | 1 | |
| Moon Well | 8 | |
| Ancient of War | 1 | |
| Tree of Ages | 1 | |
| Tree of Eternity | 1 | |
| Ancient of Wind | 1 | |
| Ancient of Wonders | 1 | |
| Hunter's Hall | 1 | |
| Chimaera Roost | 3 | |
| Tree of Life | 1 | |
19 total
» build order
00:23 Altar of Elders
00:38 Moon Well
01:10 Moon Well
01:15 Ancient of War
01:59 Moon Well
03:17 Tree of Ages
05:54 Tree of Eternity
07:13 Ancient of Wind
07:16 Moon Well
07:19 Ancient of Wonders
07:51 Hunter's Hall
08:42 Chimaera Roost
08:45 Chimaera Roost
08:48 Chimaera Roost
09:48 Tree of Life
10:43 Moon Well
11:34 Moon Well
12:45 Moon Well
14:49 Moon Well
» items
nightswish (
blue | 42 APM | 1188 actions | 28:22)
7 Lich
3 Frost Nova
3 Dark Ritual
1 Death and Decay
» actions
| Assign group hotkey | 5 | |
| Basic commands | 119 | |
| Build / train | 82 | |
| ESC pressed | 1 | |
| Enter build submenu | 22 | |
| Enter hero's abilities submenu | 7 | |
| Right click | 545 | |
| Select / deselect | 347 | |
| Select group hotkey | 1 | |
| Use ability | 59 | |
1188 total
» units
| Acolyte | 12 | |
| Ghoul | 6 | |
| Crypt Fiend | 18 | |
| Frost Wyrm | 4 | |
| Abomination | 10 | |
50 total
» upgrades
| Burrow | 1 | |
| Creature Attack | 3 | |
| Creature Carapace | 3 | |
| Web | 1 | |
| Freezing Breath | 1 | |
| Ghoul Frenzy | 1 | |
| Disease Cloud | 1 | |
11 total
» buildings
| Crypt | 2 | |
| Ziggurat | 9 | |
| Altar of Darkness | 1 | |
| Tomb of Relics | 1 | |
| Halls of the Dead | 3 | |
| Nerubian Tower | 2 | |
| Graveyard | 1 | |
| Necropolis | 1 | |
| Black Citadel | 2 | |
| Sacrificial Pit | 1 | |
| Boneyard | 2 | |
| Spirit Tower | 2 | |
| Slaughterhouse | 2 | |
29 total
» build order
00:07 Crypt
00:09 Ziggurat
00:33 Altar of Darkness
00:57 Ziggurat
01:33 Tomb of Relics
02:33 Halls of the Dead
02:33 Halls of the Dead
02:33 Halls of the Dead
02:43 Nerubian Tower
03:26 Graveyard
04:20 Necropolis
04:45 Ziggurat
06:08 Black Citadel
06:08 Black Citadel
06:37 Ziggurat
06:57 Ziggurat
07:35 Crypt
07:37 Sacrificial Pit
07:52 Nerubian Tower
08:16 Ziggurat
08:17 Ziggurat
08:43 Boneyard
08:44 Boneyard
10:21 Ziggurat
10:24 Ziggurat
16:09 Spirit Tower
16:09 Spirit Tower
17:44 Slaughterhouse
17:46 Slaughterhouse
» items
| Scroll of Town Portal | 2 | |
| Orb of Corruption | 1 | |
3 total
Mifhzegoj (
red | 50 APM | 1822 actions | 36:47)
9 Pit Lord
3 Howl of Terror
3 Cleaving Attack
1 Doom
2 Rain of Fire
9 Dark Ranger
3 Silence
3 Life Drain
1 Charm
2 Black Arrow
» actions
| Assign group hotkey | 38 | |
| Basic commands | 50 | |
| Build / train | 113 | |
| Enter build submenu | 22 | |
| Enter hero's abilities submenu | 18 | |
| Give item / drop item | 7 | |
| Right click | 688 | |
| Select / deselect | 546 | |
| Select group hotkey | 159 | |
| Use ability | 181 | |
1822 total
» units
| Wisp | 22 | |
| Archer | 12 | |
| Druid of the Claw | 25 | |
| Dryad | 6 | |
65 total
» upgrades
| Druid of the Claw Training | 2 | |
| Mark of the Claw | 1 | |
| Reinforced Hides | 3 | |
| Strength of the Wild | 2 | |
8 total
» buildings
| Ancient of War | 1 | |
| Moon Well | 8 | |
| Altar of Elders | 1 | |
| Tree of Ages | 2 | |
| Ancient of Wonders | 1 | |
| Hunter's Hall | 1 | |
| Tree of Eternity | 2 | |
| Tree of Life | 4 | |
| Ancient of Lore | 3 | |
| Ancient Protector | 2 | |
25 total
» build order
00:09 Ancient of War
00:19 Moon Well
00:35 Altar of Elders
01:40 Moon Well
03:17 Tree of Ages
03:33 Ancient of Wonders
04:05 Moon Well
04:28 Hunter's Hall
05:04 Moon Well
06:01 Tree of Eternity
06:20 Tree of Life
06:26 Tree of Life
06:45 Ancient of Lore
07:13 Ancient of Lore
07:55 Moon Well
08:09 Moon Well
13:31 Moon Well
15:20 Moon Well
22:58 Tree of Life
24:59 Tree of Life
27:35 Tree of Ages
31:31 Ancient of Lore
33:10 Tree of Eternity
33:33 Ancient Protector
33:38 Ancient Protector
» items
| Dust of Appearance | 1 | |
| Periapt of Vitality | 1 | |
| Potion of Healing | 5 | |
| Staff of Preservation | 1 | |
| Scroll of Town Portal | 4 | |
| Orb of Venom | 3 | |
15 total
MONICATTHECAT (
teal | 56 APM | 2078 actions | 36:54)
9 Goblin Tinker
3 Pocket Factory
3 Engineering Upgrade
1 Robo-Goblin
2 Cluster Rockets
» actions
| Assign group hotkey | 21 | |
| Build / train | 65 | |
| Enter build submenu | 29 | |
| Enter hero's abilities submenu | 9 | |
| Give item / drop item | 6 | |
| Right click | 901 | |
| Select / deselect | 230 | |
| Select group hotkey | 697 | |
| Use ability | 120 | |
2078 total
» units
| Peon | 11 | |
| Troll Witch Doctor | 12 | |
| Goblin Shredder | 2 | |
| Shaman | 9 | |
| Goblin Zeppelin | 1 | |
| Wind Rider | 4 | |
39 total
» upgrades
| Witch Doctor Training | 2 | |
| Reinforced Defenses | 1 | |
| Shaman Training | 2 | |
| Spiked Barricades | 1 | |
6 total
» buildings
| Stronghold | 2 | |
| Orc Burrow | 7 | |
| Altar of Storms | 2 | |
| War Mill | 8 | |
| Spirit Lodge | 2 | |
| Fortress | 2 | |
| Voodoo Lounge | 1 | |
| Great Hall | 2 | |
| Watch Tower | 12 | |
| Beastiary | 3 | |
41 total
» build order
01:23 Stronghold
01:42 Orc Burrow
02:04 Altar of Storms
02:56 Orc Burrow
04:02 War Mill
04:23 Spirit Lodge
05:40 Fortress
05:40 Fortress
06:21 Spirit Lodge
06:28 Orc Burrow
06:29 Orc Burrow
09:38 Orc Burrow
09:39 Orc Burrow
10:10 Voodoo Lounge
15:19 War Mill
15:20 War Mill
15:20 War Mill
15:22 War Mill
15:23 War Mill
15:24 War Mill
15:25 War Mill
22:30 Great Hall
25:53 Great Hall
25:55 Watch Tower
26:39 Watch Tower
26:39 Watch Tower
26:40 Watch Tower
27:37 Watch Tower
27:37 Watch Tower
27:37 Watch Tower
27:52 Watch Tower
27:53 Watch Tower
29:00 Watch Tower
29:01 Watch Tower
30:20 Stronghold
30:23 Altar of Storms
33:20 Beastiary
33:35 Beastiary
33:36 Beastiary
34:12 Orc Burrow
» items
| Staff of Teleportation | 1 | |
| Boots of Speed | 1 | |
| Scroll of Town Portal | 2 | |
| Orb of Venom | 1 | |
5 total
Chat log
(00:15 / Allies) Mifhzegoj: bears here
(00:25 / Allies) nightswish: fiends frost
(00:29 / Allies) lucas08: chims hipps
(02:10 / Allies) MONICATTHECAT: wood
(02:53 / All) computer(foda): gg pink sucks
(02:56 / All) computer(foda): fuck him
(03:05 / All) nightswish: so does blue wtf
(03:25 / All) computer(foda): i hate noobs
(03:42 / All) nightswish: ya pink and blu need to stop playing
(03:48 / All) computer(foda): sure
(05:43 / Allies) Mifhzegoj: dont take my fuckin items
(05:47 / Allies) Mifhzegoj: if u arent gonna have units
(05:55 / Allies) MONICATTHECAT: sorry
(06:09 / Allies) Mifhzegoj: give me the item
(06:51 / Allies) Mifhzegoj: GIVE ME THE ITEMS
(06:53 / Allies) Mifhzegoj: OR BS
(06:56 / Allies) Mifhzegoj: IDC EITHER WAY
(07:27 / Allies) nightswish: darn
(09:23 / Allies) MONICATTHECAT: im stuck
(09:45 / Allies) MONICATTHECAT: help me orange ims tuck
(10:02 / Allies) lucas08: ?
(10:45 / Allies) Mifhzegoj: lets creep middle
(10:48 / Allies) Mifhzegoj: rofl
(10:50 / Allies) nightswish: lol
(10:51 / Allies) nightswish: nice
(10:54 / Allies) nightswish: omw
(10:56 / Allies) Mifhzegoj: any lumber? will trade gold
(11:04 / Allies) Mifhzegoj: ty
(11:05 / Allies) MONICATTHECAT: protect my docs red
(11:08 / Allies) nightswish: yup
(11:19 / Allies) nightswish: come
(11:20 / Allies) nightswish: flank
(11:21 / Allies) MONICATTHECAT: dont be scared blue go
(11:22 / Allies) Mifhzegoj: omw
(12:30 / Allies) nightswish: go
(13:31 / Allies) nightswish: rdy to hit?
(13:42 / Allies) nightswish: everyone rdy?
(14:07 / Allies) Mifhzegoj: wow teal
(14:09 / Allies) Mifhzegoj: you're a faggot
(14:50 / Allies) Mifhzegoj: lets hit
(14:55 / Allies) nightswish: k
(15:22 / Allies) nightswish: all meet
(15:30 / Allies) nightswish: come teal
(16:10 / Allies) lucas08: red
(16:15 / Allies) Mifhzegoj: thanks
(16:29 / All) MONICATTHECAT: im gay
(17:24 / Allies) lucas08: tp?
(17:36 / Allies) nightswish: yup...
(17:50 / Allies) nightswish: switch to melee
(18:02 / Allies) Mifhzegoj: need some dispels I think
(18:03 / Allies) MONICATTHECAT: HELP MY DOCTORS ARE TRAPPED
(18:04 / Allies) lucas08: you is noob?
(18:12 / Allies) Mifhzegoj: teal you're a fuckin faggot dude
(18:14 / Allies) Mifhzegoj: no
(18:16 / Allies) Mifhzegoj: he isnt noob
(18:16 / Allies) nightswish: stop screwing around were trying to win
(18:18 / Allies) nightswish: :/
(18:19 / Allies) Mifhzegoj: hes tryin to be a douche
(18:39 / Allies) MONICATTHECAT: cc or rush
(18:44 / Allies) Mifhzegoj: wait for them
(18:49 / Allies) Mifhzegoj: tp in then counter and win?
(19:02 / Allies) nightswish: k
(19:20 / Allies) nightswish: kill that mk
(19:51 / Allies) Mifhzegoj: tp to bluex expo?
(19:56 / Allies) nightswish: yes
(20:11 / Allies) Mifhzegoj: m,eet
(20:14 / Allies) lucas08: leave
(20:16 / Allies) lucas08: gay
(23:29 / Allies) Mifhzegoj: expos first
(23:32 / Allies) nightswish: brt
(23:33 / Allies) Mifhzegoj: lets stay together blue
(23:59 / Allies) Mifhzegoj: need like 100 gold
(24:07 / Allies) Mifhzegoj: ty
(25:54 / All) MONICATTHECAT: going to be honest you guys are horrible, i was screwing around, my team had 3 players, dont blame your allies for this loss
(26:10 / All) Mifhzegoj: first time ive seen goblin ultimate rofl
(26:13 / All) computer(foda): we just dont have melee
(26:16 / Allies) lucas08: kill tanks
(26:24 / Allies) lucas08: come guys
(26:25 / All) MONICATTHECAT: its a siege unit
(26:27 / All) MONICATTHECAT: like a mortar
(26:28 / Allies) nightswish: im dying
(26:28 / Allies) nightswish: syr
(27:53 / Allies) Mifhzegoj: how the fuck did we just lose?
(27:59 / Allies) Mifhzegoj: teal being worthless?
(28:02 / Allies) MONICATTHECAT: tanks plus purples starfall
(28:07 / Allies) nightswish: yeah and its 4v3
(28:14 / Allies) Mifhzegoj: thanks teal
(28:15 / Allies) Mifhzegoj: faggot
(28:20 / Allies) nightswish: oh well
(28:21 / Allies) nightswish: gg
(28:25 / Allies) MONICATTHECAT: its not gg idiot
(28:28 / All) Mifhzegoj: gg 3v4
(28:32 / All) Mifhzegoj: fuckin teal
(28:35 / All) MONICATTHECAT: why did my team avoid your guys' expos
(28:45 / All) Mifhzegoj: we took out 2 of them kid
(29:24 / All) LaiPt: lol battle of the buildings
(30:13 / Allies) MONICATTHECAT: u can easily win this red
(31:08 / Allies) lucas08: lets hero atack
(31:18 / Allies) Mifhzegoj: rofl just waht teal wanted
(31:55 / Allies) MONICATTHECAT: expos only
(32:01 / Allies) Mifhzegoj: bears/dryads inc
(34:53 / Allies) Mifhzegoj: omw teal
(34:57 / Allies) Mifhzegoj: will heal ya if yta pop out of form
(35:14 / All) MONICATTHECAT: easy win
(35:17 / All) Mifhzegoj: rofl
(35:29 / All) MONICATTHECAT: tinker robo is tight
(35:30 / Allies) lucas08: gj red
(35:36 / All) MONICATTHECAT: uh orange i won this game
(35:43 / Allies) lucas08: kill dryads
(35:51 / Allies) Mifhzegoj: omw
(36:33 / All) MONICATTHECAT: rape